 Dungeon Crawl Stone Soup version 0.29.0-15-g675c0067aa (webtiles) character file.

Game seed: 17453709450476254915

9 freelancePsychic the Grave Robber (level 2, 0/22 HPs)
             Began as a Meteoran Necromancer on Sept 11, 2022.
             Frozen to death by an endoplasm (3 damage)
             ... on level 2 of the Dungeon.
             The game lasted 00:01:17 (152 turns).

freelancePsychic the Grave Robber (MeNe)             Turns: 152, Time: 00:01:17

Health: 0/22       AC:  2    Str:  9    XL:     2   Next: 35%
Magic:  5/6        EV: 12    Int: 16    God:
Gold:   19         SH:  0    Dex: 14    Spells: 5/6 levels left

rFire   . . .      SeeInvis .   i - +0 trident
rCold   . . .      Faith    .   (no shield)
rNeg    . . .      Spirit   .   a - +0 robe
rPois   .          Reflect  .   (no helmet)
rElec   .          Harm     .   (no cloak)
rCorr   .          Rampage  .   (no gloves)
Will    .....                   (no boots)
Stlth   +.........              (no amulet)
HPRegen 0.07/turn               (no ring)
MPRegen 0.10/turn               (no ring)

@: glowing
A: sense surroundings 1, otherworldly, glowing, explore regen
a: no special abilities


You were on level 2 of the Dungeon.
You visited 1 branch of the dungeon, and saw 2 of its levels.

You collected 19 gold pieces.

Inventory:

Hand Weapons
 i - a +0 trident (weapon)
Armour
 a - a +0 robe (worn)
Scrolls
 e - a scroll of enchant armour {unknown}
 h - a scroll of teleportation {unknown}
Potions
 b - a potion of magic
 c - a potion of invisibility {unknown}
 d - a potion of haste {unknown}
 f - 2 potions of curing {unknown}
 g - a potion of heal wounds {unknown}


   Skills:
 + Level 0.9 Fighting
 - Level 2.4 Dodging
 - Level 1.4 Stealth
 - Level 2.6 Spellcasting
 * Level 4.7 Necromancy


You had 5 spell levels left.
You knew the following spells:

 Your Spells              Type           Power      Damage    Failure   Level
a - Necrotise             Necr           68%        1d7       2%          1

Your spell library contained the following spells:

 Spells                   Type           Power      Damage    Failure   Level
 Vampiric Draining        Necr           17%        2d7       9%          3
 Animate Dead             Necr           17%        N/A       26%         4
 Agony                    Necr           17%        N/A       58%         5


Dungeon Overview and Level Annotations

Branches:
Dungeon (2/15) Zot: 1046

Altars:


Innate Abilities, Weirdness & Mutations

You passively map a small area around you.
You are easily found by Zot.
You glow in the dark.
You regain HP and MP as you explore.


Message History

You swap places.
There is a stone staircase leading up here.
You climb upwards.
Your mindless puppet stays behind to rot.
The ball python hisses angrily.
The kobold shouts!
You hear a shout!
Your magical contamination has completely faded away.
There is a stone staircase leading down here.
The kobold closely misses you. The endoplasm hits you.
You climb downwards.
Your hobgoblin skeleton crumbles into dust!
There is a stone staircase leading up here.
Casting: Necrotise (safe; 2% risk of failure)
Confirm with . or Enter, or press ? or * to list all spells.
Aiming: Necrotise (safe; 2% risk of failure)
Press: ? - help, Shift-Dir - straight line, f - endoplasm
Aim: an endoplasm (chance to affect: 87%)
The endoplasm barely resists.
The endoplasm freezes you.
You are frozen.
The kobold hits you with a +0 dagger.
Casting: Necrotise (safe; 2% risk of failure)
Confirm with . or Enter, or press ? or * to list all spells.
Aiming: Necrotise (safe; 2% risk of failure)
Press: ? - help, Shift-Dir - straight line, f/p - endoplasm
Aim: an endoplasm (chance to affect: 87%)
The endoplasm writhes in agony.
The endoplasm hits you. The kobold completely misses you.
The kobold hits you with a +0 dagger.
Found a bubbling red potion.
The kobold hits you with a +0 dagger.
* * * LOW HITPOINT WARNING * * *
The kobold attacks as you move away! The kobold hits you with a +0 dagger.
* * * LOW HITPOINT WARNING * * *
Casting: Necrotise (safe; 2% risk of failure)
Confirm with . or Enter, or press ? or * to list all spells.
Aiming: Necrotise (safe; 2% risk of failure)
Press: ? - help, Shift-Dir - straight line, f/p - endoplasm
Aim: an endoplasm (lightly wounded, chance to affect: 87%)
The endoplasm writhes in agony.
The endoplasm freezes you.
You are frozen.
You die...

##########.#####.
#................
######.########.#####.
#..................###
#..<...########.##....
#...............(.....
##..###########.######
#####.K######## #.# *
#......J@.....# #.#
,........######.# #..
, * .!...#...* ###*
.###.#... * * , *
#......* , , **.#...#*
,..##..# * .# *## **


You could see an endoplasm and a kobold.

Vanquished Creatures
  A dart slug (D:1)
  A ball python (D:1)
  An endoplasm (D:1)
  A hobgoblin (D:2)
  2 frilled lizards (D:1)
  A goblin (D:1)
7 creatures vanquished.

Notes
Turn   | Place    | Note
-------+----------+-------------------------------------------
     0 | D:1      | freelancePsychic the Meteoran Necromancer began the quest
                  | for the Orb.
     0 | D:1      | Reached XP level 1. HP: 14/14 MP: 5/5
    77 | D:1      | Reached XP level 2. HP: 20/22 MP: 0/6
   152 | D:2      | Frozen to death by an endoplasm

Illustrated notes

Levels and vault maps discovered:
D:1:      psy_arrival_whirlpool, layout_rooms, chequers_ecumenical_altar_island
D:2:      layout_loops_ring, basic_altar

Action                   || total
-------------------------++-------
Melee: Unarmed           ||     7
 Cast: Necrotise         ||    21
Armor: Robe              ||     3
Dodge: Dodged            ||    11
